 Dungeon Crawl Stone Soup version 0.30.1-4-g462c640d31 (webtiles) character file.

Game seed: 7094637459197895211

143 Wobber the Caller (level 5, -6/22 HPs)
             Began as a Felid Summoner on Sept 3, 2023.
             Killed from afar by Ijyb (14 damage)
             ... with an iceblast
             ... on level 4 of the Dungeon.
             The game lasted 00:14:22 (3357 turns).

Wobber the Caller (Felid Summoner)                  Turns: 3357, Time: 00:14:22

Health: -6/22      AC:  1    Str:  4    XL:     5   Next: 4%
Magic:  5/11       EV: 18    Int: 18    God:
Gold:   93         SH:  0    Dex: 17    Spells: 2/11 levels left
                                        Lives:  0   Deaths: 1

rFire   . . .        (weapon unavailable)
rCold   . . .        (shield unavailable)
rNeg    + . .        (body armour unavailable)
rPois   .            (helmet unavailable)
rElec   .            (cloak unavailable)
rCorr   .            (gloves unavailable)
SInv    +            (boots unavailable)
Will    .....        (no amulet)
Stlth   ++           j - ring of positive energy
HPRegen 0.23/turn    (no ring)
MPRegen 0.12/turn

%: no passive effects
@: quick
A: very small, claws 1, fangs 3, see invisible, speed 1, shaggy fur 1, stealthy
paws, no weapons or thrown items, no armour, multi-lived
a: no special abilities


You were on level 4 of the Dungeon.
You visited 1 branch of the dungeon, and saw 4 of its levels.

You collected 119 gold pieces.
You spent 26 gold pieces at shops.

Inventory:

Jewellery
 j - a ring of positive energy (left paw)
 p - a ring of ice
Scrolls
 c - 3 scrolls of teleportation {unknown}
 e - a scroll of magic mapping {unknown}
 g - a scroll of torment {unknown}
 l - a scroll of noise {unknown}
 o - a scroll of summoning {unknown}
 q - a scroll of poison {unknown}
Potions
 a - 2 potions of magic
 b - a potion of resistance
 d - 2 potions of curing
 f - a potion of flight
 h - 3 potions of haste {unknown}
 i - a potion of berserk rage {unknown}
 k - a potion of lignification {unknown}
 m - 2 potions of might
 n - a potion of attraction


   Skills:
 + Level 1.1 Fighting
 + Level 3.3 Dodging
 - Level 2.6 Stealth
 + Level 3.5 Spellcasting
 + Level 2.0 Hexes
 + Level 5.1 Summonings


You had 2 spell levels left.
You knew the following spells:

 Your Spells              Type           Power      Damage    Failure   Level
a - Summon Small Mammal   Summ           84%        N/A       1%          1
b - Call Imp              Summ           42%        N/A       2%          2
c - Call Canine Familiar  Summ           21%        N/A       5%          3
d - Summon Guardian Gole  Hex/Summ       16%        N/A       11%         3

Your spell library contained the following spells:

 Spells                   Type           Power      Damage    Failure   Level
 Inner Flame              Hex/Fire       6%         N/A       30%         3
 Summon Lightning Spire   Summ/Air       12%        N/A       47%         4
 Flame Wave               Conj/Fire      3%         2d5       83%         4
 Sticky Flame             Conj/Fire      3%         2d3       83%         4


Dungeon Overview and Level Annotations

Branches:
Dungeon (4/15)             Temple (0/1) D:4

Altars:
Qazlal
Sif Muna
The Shining One

Shops:
D:3 *

Annotations:
D:4 Ijyb


Innate Abilities, Weirdness & Mutations

You have sharp claws.
You have razor-sharp teeth.
You have supernaturally acute eyesight. (SInv)
You cover ground quickly. (Speed+)
You are covered in fur. (AC +1)
Your paws help you pounce on unaware monsters.
You are incapable of wielding weapons or throwing items.
You cannot wear armour.
You gain extra lives every three experience levels.


Message History

Casting: Summon Small Mammal (safe; 1% risk of failure)
Confirm with . or Enter, or press ? or * to list all spells.
Your hound bites Ijyb.
Your cerulean imp hits Ijyb from afar with a -2 spear.
What are your orders? t - Meow!
Orders for allies: a - Attack new target. r - Retreat! s - Stop attacking. g - Guard the area. f - Follow me.
Anything else - Cancel.
Gang up on whom?
Press: ? - help, Dir - move target, f - Ijyb
Aim: Ijyb, wielding a +0 club, wearing a +0 ring mail and carrying a wand of iceblast (5) (moderately wounded, ally target) Attack!
Your bat barely misses Ijyb.
Your cerulean imp hits Ijyb but does no damage.
Ijyb barely misses your rat.
Your hound closely misses Ijyb.
Your bat closely misses Ijyb.
Your rat bites Ijyb but does no damage.
Your hound barely misses Ijyb.
Your cerulean imp hits Ijyb but does no damage.
Ijyb closely misses your bat.
Your bat hits Ijyb but does no damage.
Your hound barely misses Ijyb.
Your rat bites Ijyb.
Your cerulean imp closely misses Ijyb.
Your bat hits Ijyb but does no damage. Your bat misses Ijyb.
Your rat closely misses Ijyb.
Your hound closely misses Ijyb.
Your cerulean imp hits Ijyb from afar with a -2 spear.
Ijyb zaps a wand.
The mass of ice explodes!
The iceblast engulfs you!
Ouch! That really hurt!
The iceblast engulfs your bat!
Your bat dies!
Your bat's corpse disappears in a puff of smoke!
You hear an angry hiss.
Your hound bites Ijyb but does no damage.
Your rat closely misses Ijyb.
Your hound bites Ijyb but does no damage.
Your cerulean imp hits Ijyb from afar with a -2 spear.
Your rat closely misses Ijyb.
Your hound bites Ijyb but does no damage.
Ijyb zaps a wand.
The mass of ice explodes!
The iceblast engulfs you!
Ouch! That really hurt!
You die...

...............#.......
...............#.......
................'.......
...............#....... .
............<..#.......
#..##.##...########..#####
#?.##.##...#..... ##+#
...........#.....
.........@.......
.................
....!.8g8.8......
...##..rh⌠....... ##
#..85>.8......
#...⌠.⌠..##### #..8.8.8.#
#........# #........#


You could see Ijyb (ally target), a friendly hound (summoned), a friendly
cerulean imp (summoned) and a friendly rat (summoned).

Vanquished Creatures
  A giant cockroach (D:2)
1 creature vanquished.

Vanquished Creatures (collateral kills)
  Natasha (twice) (D:2)
  An orc wizard (D:3)
  3 gnolls (D:3)
  3 adders
  A worm (D:2)
  An orc (D:3)
  4 ball pythons
  4 bats
  8 endoplasms
  2 giant cockroaches
  6 goblins
  4 hobgoblins
  3 jackals (D:3)
  6 kobolds
  A quokka (D:3)
  3 rats
52 creatures vanquished.

Grand Total: 53 creatures vanquished

Notes
Turn   | Place    | Note
-------+----------+-------------------------------------------
     0 | D:1      | Wobber the Felid Summoner began the quest for the Orb.
     0 | D:1      | Reached XP level 1. HP: 7/7 MP: 4/4
   263 | D:1      | Reached XP level 2. HP: 11/11 MP: 3/6
   290 | D:1      | Learned a level 2 spell: Call Imp
  1161 | D:2      | Reached XP level 3. HP: 14/14 MP: 4/8
  1199 | D:2      | Learned a level 3 spell: Call Canine Familiar
  1343 | D:2      | Found a faded altar of an unknown god.
  1932 | D:3      | Noticed Natasha
  1943 | D:2      | Killed Natasha
  1944 | D:2      | Reached XP level 4. HP: 9/18 MP: 5/9
  1976 | D:2      | Learned a level 3 spell: Summon Guardian Golem
  2032 | D:2      | Noticed Natasha
  2081 | D:2      | Slain by Natasha
  2082 | D:2      | Reached XP level 3. HP: 0/14 MP: 3/8
  2101 | D:2      | Killed Natasha
  2102 | D:2      | Reached skill level 5 in Summonings
  2205 | D:3      | Reached XP level 4. HP: 18/18 MP: 10/10
  2248 | D:3      | Reached skill level 1 in Hexes
  2528 | D:3      | Found Jywned's General Store.
  2532 | D:3      | Bought a scroll of identify for 26 gold pieces
  2709 | D:3      | Reached skill level 1 in Fighting
  2737 | D:3      | Found a shimmering blue altar of Sif Muna.
  2748 | D:3      | Reached XP level 5. HP: 13/22 MP: 8/11
  3170 | D:4      | Found a glowing golden altar of the Shining One.
  3247 | D:4      | Found a stormy altar of Qazlal.
  3254 | D:4      | Noticed an air elemental
  3336 | D:4      | Found a staircase to the Ecumenical Temple.
  3343 | D:4      | Noticed Ijyb
  3357 | D:4      | Killed from afar by Ijyb

Illustrated notes

Levels and vault maps discovered:
D:1:      evilmike_arrival_plus, layout_loops_ring, serial_forest,
          infiniplex_forest_lined_4_way, infiniplex_forest_end_1,
          infiniplex_forest_end_1, infiniplex_forest_end_1,
          infiniplex_forest_lined_1, infiniplex_forest_lined_ring,
          infiniplex_forest_zigzag_1, minmay_tetromino_t2
D:2:      layout_basic, chequers_ecumenical_altar_simple_redux
D:3:      layout_loops_ring, kennysheep_orc_sif_temple, serial_shops, shop,
          minmay_misc_feat_five, uniq_natasha
D:4:      layout_gridville, elyvilon_altar_1, lemuel_crystal_altar,
          nicolae_qazlal_style_of_elements,
          minmay_temple_entry_statues_fountains, uniq_ijyb

Skill      XL: |  1  2  3  4  5 |
---------------+----------------+-----
Spellcasting   | 3 |  3.5
Summonings     | 5 |  5.1
Dodging        | 3 |  3.3
Hexes          | 1 2 |  2.0
Fighting       | 1 |  1.1
Stealth        | |  2.6

Action                     |  1- 3 |  4- 6 || total
---------------------------+-------+-------++-------
  Melee: Unarmed           |     2 |       ||     2
   Cast: Summon Small Mamm |    27 |     5 ||    32
         Call Imp          |    15 |     6 ||    21
         Call Canine Famil |     1 |    10 ||    11
    Use: Potion            |       |     3 ||     3
         Scroll            |       |     2 ||     2
   Stab: Distracted        |     1 |       ||     1
 Armour: Skin              |       |     2 ||     2
  Dodge: Dodged            |    12 |    16 ||    28
